 Dungeon Crawl Stone Soup version 0.29-a0-542-g075992c915 (webtiles) character file.

Game seed: 13410326844267282164

4026 spaghetti the Chopper (level 10, -6/52 HPs)
             Began as a Vine Stalker Necromancer on June 4, 2022.
             Was an Elder of Cheibriados.
             Mangled by a vampire mosquito (8 damage)
             ... on level 11 of the Dungeon.
             The game lasted 00:12:40 (6284 turns).

spaghetti the Chopper (Vine Stalker Necromancer)    Turns: 6284, Time: 00:12:41

Health: -6/52      AC: 12    Str: 20    XL:     10   Next: 24%
Magic:  0/16       EV: 12    Int: 28    God:    Cheibriados [****..]
Gold:   393        SH:  0    Dex: 34    Spells: 5/14 levels left

rFire   + . .      SeeInvis .   z - +12 battleaxe "Alyetet" {vorpal, rPois rN+ Dex+4, axe}
rCold   + . .      Faith    .   (shield currently unavailable)
rNeg    + . .      Spirit   +   w - +5 ring mail of Woipn {rC+ rCorr Dex+6}
rPois   +          Reflect  .   h - +0 helmet
rElec   .          Harm     .   (no cloak)
rCorr   +          Rampage  .   (no gloves)
Will    +....                   (no boots)
Stlth   +++.......              (no amulet)
HPRegen 0.97/turn               y - ring of wizardry
MPRegen 0.15/turn               d - ring of protection from fire

@: wereblooded, very slow
A: fangs 3, regeneration 1, magic shield, antimagic bite, no potion heal 2
a: Renounce Religion, Bend Time, Temporal Distortion, Slouch


You were on level 11 of the Dungeon.
You worshipped Cheibriados.
Cheibriados was greatly pleased with you.
You visited 2 branches of the dungeon, and saw 11 of its levels.

You collected 393 gold pieces.


Innate Abilities, Weirdness & Mutations

You have razor-sharp teeth.
Your natural rate of healing is unusually fast.
When hurt, damage is shared between your health and your magic reserves.
Your bite disrupts and absorbs the magic of your enemies.
Potions cannot restore your health.


   Skills:
 + Level 5.6 Fighting
 * Level 7.8 Axes
 + Level 5.0 Armour
 - Level 1.5 Dodging
 - Level 2.4 Stealth
 - Level 2.8 Spellcasting
 - Level 0.8 Conjurations
 - Level 4.0 Necromancy
 * Level 7.2 Invocations


You had 5 spell levels left.
You knew the following spells:

 Your Spells              Type           Power      Damage    Failure   Level
a - Necrotize             Necr           100%       1d9       1%          1
b - Wereblood             Tmut           3%         N/A       9%          2
c - Animate Dead          Necr           26%        N/A       11%         4
d - Blink                 Tloc           6%         N/A       9%          2

Your spell library contained the following spells:

 Spells                   Type           Power      Damage    Failure   Level
 Sublimation of Blood     Necr           26%        N/A       1%          2
 Vampiric Draining        Necr           26%        2d7       3%          3
 Lesser Beckoning         Tloc           3%         N/A       16%         3
 Agony                    Necr           26%        N/A       28%         5
 Iskenderun's Battlesphe  Conj           8%         2d6       69%         5
 Fireball                 Conj/Fire      3%         3d4       75%         5
 Manifold Assault         Tloc           3%         N/A       80%         5
 Conjure Ball Lightning   Conj/Air       3%         3x3d6     99%         6
 Orb of Destruction       Conj           4%         9d5       100%        7
 Summon Hydra             Summ           1%         N/A       100%        7

Inventory:

Hand Weapons
 o - the +10 war axe "Worm's Wrath" {vorpal, rN+ Int+4 SInv, axe}
   (You found it on level 2 of the Dungeon)

   It inflicts extra damage upon your enemies.
   Int:       It affects your intelligence (+4).
   rN:        It protects you from negative energy.
   SInv:      It lets you see invisible.
 z - the +12 battleaxe "Alyetet" (weapon) {vorpal, rPois rN+ Dex+4, axe}
   (You acquired it on level 7 of the Dungeon)

   It inflicts extra damage upon your enemies.
   Dex:       It affects your dexterity (+4).
   rPois:     It protects you from poison.
   rN:        It protects you from negative energy.
 D - a +2 hand axe of flaming {axe}
   (You took it off an orc on level 5 of the Dungeon)
Missiles
 b - a curare-tipped dart {=fthrowing}
 e - 194 stones (quivered) {throwing}
 t - 11 boomerangs {throwing}
 F - 31 poisoned darts {throwing}
Armour
 a - a +0 robe
 h - a +0 helmet (worn)
   (You found it on level 1 of the Dungeon)
 w - the +5 ring mail of Woipn (worn) {rC+ rCorr Dex+6}
   (You found it on level 3 of the Dungeon)

   Dex:       It affects your dexterity (+6).
   rC:        It protects you from cold.
   rCorr:     It protects you from acid and corrosion.
 A - the +2 scale mail "Unych" {Drain rN+++ Dex-5 Stlth+}
   (You found it on level 4 of the Dungeon)

   Dex:       It affects your dexterity (-5).
   rN:        It renders you almost immune to negative energy.
   Drain:     It drains your maximum health when unequipped.
   Stlth:     It makes you more stealthy.
Magical Staves
 m - a staff of earth {!astaff}
   (You took it off an orc wizard on level 8 of the Dungeon)
Jewellery
 d - a ring of protection from fire (right hand)
   (You found it on level 1 of the Dungeon)
 y - a ring of wizardry (left hand)
   (You found it on level 4 of the Dungeon)
Wands
 B - a wand of iceblast (11)
   (You found it on level 5 of the Dungeon)
Scrolls
 f - 2 scrolls of fog
 j - 2 scrolls of brand weapon
 l - 2 scrolls of fear
 p - a scroll of teleportation {@r4}
 q - 3 scrolls of amnesia
 r - 2 scrolls of identify {@r1}
 u - 3 scrolls of enchant armour
 v - 2 scrolls of vulnerability {!r!r}
 C - a scroll of torment {!r}
 G - a scroll of noise {!r}
 I - a scroll of summoning {unknown}
 J - 2 scrolls of immolation {!r!r}
Potions
 c - 2 potions of degeneration {!q@e2}
 g - a potion of mutation {unknown}
 i - 5 potions of curing {@q1}
 k - 2 potions of heal wounds {@q2}
 n - 4 potions of haste {forbidden@q3}
 s - a potion of attraction {unknown}
 x - a potion of might {unknown}
 E - 2 potions of magic
 H - a potion of lignification {unknown}
Miscellaneous
 K - a piece from Xom's chessboard (15/15) {forbidden}
   (You found it on level 9 of the Dungeon)

Dungeon Overview and Level Annotations

Branches:
Dungeon (9/15)             Temple (1/1) D:4            Lair (0/6) D:8
    Orc: D:9-12

Altars:
Ashenzari
Cheibriados
Dithmenos
Fedhas
Gozag
Nemelex Xobeh
Okawaru
Qazlal
Ru
Sif Muna
Trog
Wu Jian
Xom
The Shining One

Annotations:
D:6 1 exclusion
D:8 1 exclusion

########.............
....................
...................
##########........
#..###### #..# #..#
#..# #@.#
....(.y.†...?..
...............
##########...## ...#
...# ..# .#


You could see a vampire mosquito.


Message History

You lost 3 mp, and now have 13/16 mp.
You are too injured to fight recklessly!
You are too injured to fight recklessly!
You are too injured to fight recklessly!
You are too injured to fight recklessly!
You are too injured to fight recklessly!
You are too injured to fight recklessly!
You are too injured to fight recklessly!
You are too injured to fight recklessly!
You are too injured to fight recklessly!
You are too injured to fight recklessly!
You are too injured to fight recklessly!
You are too injured to fight recklessly!
You are too injured to fight recklessly!
You are too injured to fight recklessly!
You are too injured to fight recklessly!
Casting: Wereblood (safe; 9% risk of failure)
Confirm with . or Enter, or press ? or * to list all spells.
Your blood is infused with primal strength.
The vampire mosquito bites you!
The vampire mosquito draws strength from your injuries!
The vampire mosquito misses you. The vampire mosquito bites you!
The vampire mosquito draws strength from your injuries!
The vampire mosquito barely misses you.
The vampire mosquito bites you but does no damage. 😮 HP[-10] MP[-5]
You take 10 damage, and now have 31/51 hp.
You lost 5 mp, and now have 8/16 mp.
You completely miss the vampire mosquito.
Your bite misses the vampire mosquito. You hit the vampire mosquito.
You barely miss the vampire mosquito.
The vampire mosquito closely misses you.
The vampire mosquito barely misses you.
The vampire mosquito bites you but does no damage.
The vampire mosquito bites you.
The vampire mosquito draws strength from your injuries!
The vampire mosquito bites you but does no damage.
The vampire mosquito bites you.
The vampire mosquito draws strength from your injuries! 😮 HP[-3] MP[-2]
You take 3 damage, and now have 28/51 hp.
You lost 2 mp, and now have 6/16 mp.
You slice the vampire mosquito!!
You bite the vampire mosquito, but do no damage.
You miss the vampire mosquito. You barely miss the vampire mosquito.
The vampire mosquito closely misses you.
The vampire mosquito bites you.
The vampire mosquito draws strength from your injuries!
The vampire mosquito bites you but does no damage. x3
The vampire mosquito bites you!
* * * LOW HITPOINT WARNING * * *
The vampire mosquito draws strength from your injuries!
The vampire mosquito closely misses you.
The vampire mosquito barely misses you.
The vampire mosquito bites you but does no damage. 😨 HP[-9] MP[-2]
You take 9 damage, and now have 19/51 hp.
You lost 2 mp, and now have 4/16 mp.
Unknown command.
You slice the vampire mosquito!!
You feel a bit better.
You destroy the vampire mosquito!
Cheibriados thoroughly appreciates the change of pace.
You miss the vampire mosquito. You slash the vampire mosquito!
The vampire mosquito bites you but does no damage.
The vampire mosquito closely misses you.
The vampire mosquito bites you.
* * * LOW HITPOINT WARNING * * *
The vampire mosquito draws strength from your injuries!
The vampire mosquito barely misses you. The vampire mosquito bites you!
* * * LOW HITPOINT WARNING * * *
The vampire mosquito draws strength from your injuries!
The vampire mosquito misses you.
Your Armour skill increases to level 5! 😱 HP[-11] MP[-3]
You now have 52 max hp (+1).
You take 11 damage, and now have 8/52 hp.
MASSIVE DAMAGE!! (PAUSE)
You lost 3 mp, and now have 1/16 mp.
Unknown command.
Unknown command.
Okay, then.
You slice the vampire mosquito!!
You feel a bit better.
You destroy the vampire mosquito!
Cheibriados thoroughly appreciates the change of pace.
You slash the vampire mosquito! The vampire mosquito misses you.
The vampire mosquito bites you but does no damage. 😱 HP[+3]
You regained 3 hp, and now have 11/52 hp.
You slash the vampire mosquito! The vampire mosquito misses you.
The vampire mosquito bites you.
* * * LOW HITPOINT WARNING * * *
The vampire mosquito draws strength from your injuries!
The vampire mosquito bites you but does no damage. 😱 HP[-4] MP[+1]
You take 4 damage, and now have 7/52 hp.
You barely miss the vampire mosquito. The vampire mosquito bites you!
* * * LOW HITPOINT WARNING * * *
The vampire mosquito draws strength from your injuries!
The vampire mosquito bites you!
You die...

Skill      XL: |  1  2  3  4  5  6  7  8  9 10 |
---------------+-------------------------------+-----
Fighting       | 1 2 3 4 5 |  5.6
Axes           | 1 2 3 4 5 7 |  7.8
Armour         | 1 2 3 4 5 |  5.0
Invocations    | 2 4 6 7 |  7.2
Dodging        | |  1.5
Stealth        | |  2.4
Spellcasting   | |  2.8
Conjurations   | |  0.8
Necromancy     | |  4.0

Action                   |  1- 3 |  4- 6 |  7- 9 | 10-12 || total
-------------------------+-------+-------+-------+-------++-------
Melee: Dagger            |    21 |       |       |       ||    21
       Bite              |     5 |    12 |    40 |     3 ||    60
       War axe           |    15 |    56 |    96 |       ||   167
       Punch             |       |       |     2 |       ||     2
       Battleaxe         |       |       |    76 |    13 ||    89
       Unarmed           |       |       |     8 |       ||     8
Throw: Stone             |       |    35 |   196 |     5 ||   236
 Cast: Necrotize         |    15 |       |     4 |       ||    19
       Wereblood         |       |       |    13 |     1 ||    14
  Use: Potion            |     2 |     1 |     4 |       ||     7
       Scroll            |       |     6 |     9 |       ||    15
 Stab: Sleeping          |     1 |     6 |     1 |       ||     8
       Distracted        |       |     1 |     2 |       ||     3
Armor: Robe              |    16 |       |       |       ||    16
       Ring mail         |       |    11 |    97 |    11 ||   119
       Skin              |       |       |     3 |       ||     3
Dodge: Dodged            |    27 |    26 |   127 |    18 ||   198

Levels and vault maps discovered:
D:1:      mrwooster_arrival_statue_3, layout_basic, minmay_split_cup_large
D:2:      layout_basic, hellmonk_ecumenical_altar_watching_god, uniq_natasha
D:3:      layout_basic
D:4:      layout_basic, minmay_temple_entry_large_hall
D:5:      layout_basic, supply_closet_lemuel
D:6:      layout_cave_pools, st_stairs_8
D:7:      layout_basic, old_standard_altar, enter_bailey_7
D:8:      layout_basic, mainiacjoe_overflow_surrounded_room, lair_entry_dummy,
          kennysheep_generic_room_15, uniq_psyche
D:9:      layout_layer_cave, xom_butterflies, lemuel_round_altar, david_orc_2,
          special_room [special_room_orc], serial_shops, shop_fountains
D:11:     layout_long_grid, maelrawn_ghost_gauntlet_escape, serial_shops,
          nicolae_shop_hallway_stairs
Temple:   mainiacjoe_temple_coin_purse

Notes
Turn   | Place    | Note
-------+----------+-------------------------------------------
     0 | D:1      | spaghetti the Vine Stalker Necromancer began the quest for
                  | the Orb.
     0 | D:1      | Reached XP level 1. HP: 9/9 MP: 4/4
     0 | D:1      | magus.rc [v1.9.6]
     5 | D:1      | You pick up a book of the Spheres and begin reading...
     5 | D:1      | You add the spells Iskenderun's Battlesphere, Fireball,
                  | Conjure Ball Lightning and Orb of Destruction to your
                  | library.
   163 | D:1      | HP: 2/9 [endoplasm (2)]
   396 | D:1      | Reached XP level 2. HP: 14/14 MP: 3/6
   541 | D:1      | Reached skill level 1 in Fighting
  1005 | D:2      | Noticed a great orb of eyes
  1006 | D:2      | Found a faded altar of an unknown god.
  1014 | D:2      | Noticed a great orb of eyes
  1014 | D:2      | Noticed an eye of devastation
  1014 | D:2      | Noticed a golden eye
  1019 | D:2      | Reached XP level 3. HP: 16/18 MP: 1/8
  1150 | D:2      | Identified the +10 war axe "Worm's Wrath" {vorpal, rN+
                  | Int+4 SInv}
  1162 | D:2      | You pick up a book of Blood and begin reading...
  1162 | D:2      | You add the spells Sublimation of Blood, Wereblood and
                  | Summon Hydra to your library.
  1200 | D:2      | Noticed Natasha
  1210 | D:2      | Killed Natasha
  1288 | D:2      | Identified the +10 whip "Cyol" {freeze, rC- rCorr Dex+8}
  1400 | D:2      | Noticed Natasha
  1413 | D:2      | Killed Natasha
  1414 | D:2      | Reached skill level 1 in Axes
  1414 | D:2      | Reached skill level 1 in Armour
  1414 | D:2      | Gained mutation: Your natural rate of healing is unusually
                  | fast. [Vine Stalker growth]
  1414 | D:2      | Reached XP level 4. HP: 23/23 MP: 9/9
  1482 | D:2      | Reached skill level 2 in Fighting
  1780 | D:3      | Reached XP level 5. HP: 26/26 MP: 10/10
  1803 | D:3      | You pick up a book of Spatial Translocations and begin
                  | reading...
  1803 | D:3      | You add the spells Blink, Lesser Beckoning and Manifold
                  | Assault to your library.
  1955 | D:3      | Identified the +5 ring mail of Woipn {rC+ rCorr Dex+6}
  2254 | D:4      | Reached skill level 2 in Axes
  2328 | D:4      | Noticed a black bear
  2334 | D:4      | Killed a black bear
  2335 | D:4      | Reached skill level 2 in Armour
  2335 | D:4      | Reached XP level 6. HP: 32/32 MP: 11/11
  2377 | D:4      | Reached skill level 3 in Axes
  2570 | D:4      | Learned a level 2 spell: Wereblood
  2585 | D:4      | Identified the +2 scale mail "Unych" {Drain rN+++ Dex-5
                  | Stlth+}
  2670 | D:4      | Reached skill level 3 in Fighting
  2732 | D:4      | Found a staircase to the Ecumenical Temple.
  2738 | D:4      | Reached XP level 7. HP: 35/36 MP: 10/12
  2746 | Temple   | Entered the Ecumenical Temple
  2809 | Temple   | Became a worshipper of Cheibriados the Contemplative
  2857 | D:4      | Learned a level 4 spell: Animate Dead
  2939 | D:4      | HP: 5/36 [orc priest/divine providence (14)]
  2945 | D:4      | Reached skill level 1 in Invocations
  3355 | D:5      | Entered Level 5 of the Dungeon
  3453 | D:5      | Reached skill level 4 in Axes
  3771 | D:5      | Reached * piety under Cheibriados
  3803 | D:5      | Reached skill level 2 in Invocations
  3944 | D:5      | Reached skill level 3 in Armour
  4219 | D:6      | Gained mutation: You have razor-sharp teeth. [Vine Stalker
                  | growth]
  4219 | D:6      | Reached XP level 8. HP: 39/41 MP: 8/13
  4229 | D:6      | Reached skill level 3 in Invocations
  4290 | D:6      | Reached skill level 5 in Axes
  4423 | D:6      | Reached skill level 4 in Fighting
  4494 | D:6      | HP: 6/42 [poisoned by a gnoll sergeant]
  4702 | D:6      | Reached ** piety under Cheibriados
  4703 | D:6      | Reached skill level 4 in Invocations
  4985 | D:7      | Found a bloodstained altar of Trog.
  4991 | D:7      | Identified a scroll of acquirement
  5005 | D:6      | Acquired the +12 battleaxe "Alyetet" {vorpal, rPois rN+
                  | Dex+4}
  5083 | D:7      | Reached XP level 9. HP: 29/46 MP: 11/14
  5084 | D:7      | Noticed a boulder beetle
  5102 | D:6      | Learned a level 2 spell: Blink
  5108 | D:7      | HP: 10/46 [boulder beetle (36)]
  5151 | D:8      | Found a staircase to the Lair.
  5161 | D:8      | Reached skill level 6 in Axes
  5161 | D:8      | Reached skill level 5 in Invocations
  5164 | D:8      | Reached skill level 4 in Armour
  5227 | D:8      | Noticed a kobold demonologist
  5234 | D:8      | Killed a kobold demonologist
  5420 | D:8      | HP: 8/46 [orc warrior/+0 glaive (11)]
  5421 | D:8      | Reached *** piety under Cheibriados
  5569 | D:8      | Found a broken altar of Ashenzari.
  5580 | D:8      | Noticed Psyche
  5601 | D:8      | Killed Psyche
  5602 | D:8      | Reached skill level 5 in Fighting
  5602 | D:8      | Reached skill level 6 in Invocations
  5738 | D:8      | Reached skill level 7 in Axes
  6035 | D:9      | Reached **** piety under Cheibriados
  6088 | D:9      | Found a shimmering altar of Xom.
  6136 | D:9      | Found an opulent altar of Gozag.
  6154 | D:9      | You fall into a shaft and drop 2 floors!
  6171 | D:11     | Reached XP level 10. HP: 28/51 MP: 8/16
  6244 | D:11     | Reached skill level 7 in Invocations
  6281 | D:11     | HP: 8/51 [vampire mosquito (8)]
  6282 | D:11     | Reached skill level 5 in Armour
  6284 | D:11     | HP: 2/52 [vampire mosquito (6)]
  6284 | D:11     | Mangled by a vampire mosquito

Vanquished Creatures
  Psyche (D:8)
  A kobold demonologist (D:8)
  A steam dragon (D:7)
  7 vampire mosquitoes (D:11)
  2 ice beasts
  2 orc warriors (D:8)
  A black bear (D:4)
  A sky beast (D:6)
  An ogre (D:6)
  A centaur (D:7)
  5 kobold brigands
  4 bullfrogs
  3 scorpions
  A gnoll sergeant (D:6)
  6 orc priests
  3 hounds
  5 iguanas
  7 orc wizards
  Natasha (twice) (D:2)
  4 gnolls (D:5)
  9 adders
  A white imp (D:6)
  2 ufetubi
  3 worms
  A dart slug (D:4)
  42 orcs
  4 bats
  2 endoplasms
  6 giant cockroaches
  5 goblins
  2 hobgoblins
  9 jackals
  A quokka (D:1)
  3 ball pythons
  5 frilled lizards
  27 kobolds
  A rat (D:2)
  2 butterflies (D:9)
183 creatures vanquished.

Vanquished Creatures (collateral kills)
  An endoplasm (D:1)
  A rat (D:2)
2 creatures vanquished.

Vanquished Creatures (others)
  An orc wizard (D:6)
1 creature vanquished.

Grand Total: 186 creatures vanquished

Table legend:
 A = Non-vault XP
 B = Vault XP
 C = Vault XP percentage of total XP
 D = Non-vault monster count
 E = Vault monster count
 F = Vault count percentage of total count
                 A         B        C        D         E       F
            +---------+---------+-------+---------+---------+-------
      Total |    5067 |     685 |  11.9 |     174 |      10 |   5.4
            +---------+---------+-------+---------+---------+-------
        D:1 |      16 |       9 |  36.0 |       8 |       5 |  38.5
        D:2 |      58 |      33 |  36.3 |      14 |       1 |   6.7
        D:3 |      63 |       0 |   0.0 |      16 |       0 |   0.0
        D:4 |     540 |       0 |   0.0 |      25 |       0 |   0.0
        D:5 |     436 |       0 |   0.0 |      27 |       0 |   0.0
        D:6 |     775 |      80 |   9.4 |      21 |       1 |   4.5
        D:7 |     392 |       0 |   0.0 |       3 |       0 |   0.0
        D:8 |    1319 |     563 |  29.9 |      45 |       3 |   6.2
        D:9 |     207 |       0 |   0.0 |       8 |       0 |   0.0
       D:11 |    1261 |       0 |   0.0 |       7 |       0 |   0.0
            +---------+---------+-------+---------+---------+-------

Illustrated notes

Table legend:
 A = Kills in this place as a percentage of kills in entire the game.
 B = Kills by you in this place as a percentage of kills by you in the entire game.
 C = Kills by friends in this place as a percentage of kills by friends in the entire game.
 D = Other kills in this place as a percentage of other kills in the entire game.
 E = Experience gained in this place as a percentage of experience gained in the entire game.
 F = Experience gained in this place divided by the number of levels of this place that you have seen.
                   A       B       C       D       E      F
               +-------+-------+-------+-------+-------+----------------------
         Total | 100.0 | 100.0 | 100.0 | 100.0 | 100.0 | 522.9
       Dungeon | 100.0 | 100.0 | 100.0 | 100.0 | 100.0 | 575.2
               +-------+-------+-------+-------+-------+----------------------

Table legend: (Time is in decaauts)
 A = Elapsed time spent in this place.
 B = Non-inter-level travel time spent in this place.
 C = Inter-level travel time spent in this place.
 D = Time resting spent in this place.
 E = Time spent auto-exploring this place.
 F = Levels seen in this place.
 G = Mean time per level.
                   A        B        C        D        E       F      G
               +--------+--------+--------+--------+--------+-----+--------+
         Total |   7300 |   7035 |    265 |    176 |   5553 |  11 |  663.6 |
       Dungeon |   7222 |   6989 |    233 |    176 |   5517 |  10 |  722.2 |
        Temple |     77 |     45 |     32 |      0 |     36 |   1 |   77.0 |
               +--------+--------+--------+--------+--------+-----+--------+

Top non-repeatable levels by time:
     D:4: 1186 daAuts
     D:5: 1100 daAuts
     D:6: 1061 daAuts
     D:8: 1052 daAuts
     D:1: 995 daAuts
     D:3: 658 daAuts
     D:2: 594 daAuts
     D:9: 322 daAuts
    D:11: 170 daAuts
     D:7: 80 daAuts
  Temple: 77 daAuts
